 Dungeon Crawl Stone Soup version 0.20-a0-465-g6513c8f (webtiles) character file.

109 HallandMoats the Skirmisher (level 4, 0/40 HPs)
             Began as a Demonspawn Fighter on Jan 12, 2017.
             Was a Follower of Makhleb.
             Succumbed to an adder's poison
             ... on level 4 of the Dungeon.
             The game lasted 00:05:04 (3289 turns).

HallandMoats the Skirmisher (Demonspawn Fighter)    Turns: 3289, Time: 00:05:04

Health: 0/40       AC:  5    Str: 16    XL:     4   Next: 59%
Magic:  4/4        EV:  9    Int:  9    God:    Makhleb [*.....]
Gold:   118        SH:  9    Dex: 14    Spells: 3/3 levels left

rFire  . . .     SeeInvis .     a - +0 long sword
rCold  + . .     Gourm    .     e - +2 leather armour {MR+}
rNeg   . . .     Faith    .     c - +0 shield
rPois  .         Spirit   .     (no helmet)
rElec  .         Reflect  .     (no cloak)
rCorr  .         Harm     .     (no gloves)
MR     +....                    (no boots)
Stlth  +.........               (no amulet)
                                (no ring)
                                r - ring of protection from cold

@: lethally poisoned (0 -> -6), exhausted, flying, hasted and slowed
A: claws 1, demonic guardian 1, robust 1, screaming 1, MP-powered wands
a: Renounce Religion


You were on level 4 of the Dungeon.
You worshipped Makhleb.
Makhleb was aware of your devotion.
You were near starving.

You visited 1 branch of the dungeon, and saw 4 of its levels.

You collected 118 gold pieces.

Inventory:

Hand Weapons
 a - a +0 long sword (weapon)
Armour
 c - a +0 shield (worn)
 e - a +2 leather armour of magic resistance (worn)
Jewellery
 r - a ring of protection from cold (left claw)
Wands
 w - a wand of random effects (15/48)
 x - a wand of iceblast (5/15)
Scrolls
 g - 2 scrolls of teleportation {unknown}
 i - a scroll of enchant armour {unknown}
 j - a scroll of enchant weapon {unknown}
 l - 3 scrolls of remove curse {unknown}
 m - 5 scrolls of identify {unknown}
 n - a scroll of random uselessness {unknown}
 p - a scroll of fear {unknown}
 t - a scroll of blinking {unknown}
Potions
 d - a potion of might
 u - a potion of degeneration {unknown}
 v - a potion of heal wounds {unknown}
Comestibles
 f - 3 bread rations
 h - a meat ration
 k - a slice of pizza


   Skills:
 * Level 3.8 Fighting
 * Level 2.5 Long Blades
 * Level 3.0 Armour
 * Level 1.3 Dodging
 + Level 3.1 Shields
 + Level 0.6 Invocations


You had 3 spell levels left.
You didn't know any spells.

Dungeon Overview and Level Annotations

Branches:
Dungeon (4/15)
 Temple: D:4-7

Altars:
Ashenzari
Elyvilon
Makhleb
Nemelex Xobeh
Qazlal
Sif Muna
Yredelemnul
Zin


Innate Abilities, Weirdness & Mutations

You have sharp fingernails.
A weak demonic guardian rushes to your aid.
You are robust. (+10% HP)
You occasionally shout uncontrollably at your foes.
You expend magic power (3 MP) to strengthen your wands.


Message History

* * * LOW HITPOINT WARNING * * *
You feel sick.
You feel your anger subside.
You are no longer berserk.
You are exhausted.
You feel yourself slow down.
* * * LOW HITPOINT WARNING * * *
You feel sick.
It was a potion of mutation.
You feel extremely strange.
You feel robust.
You feel the urge to shout.
You feel your magical essence link to your wands.
* * * LOW HITPOINT WARNING * * *
You feel sick.
It was a potion of flight.
You feel very buoyant.
You fly up into the air.
* * * LOW HITPOINT WARNING * * *
You feel sick.
It was a potion of haste.
You feel yourself speed up.
You die...

#..........# #.. ###
#..........####.. ..>
+..........'.....
#.####..........#.##.#
#.........#######.##..
#.....................
##....##....#####..#..
#.##?##....# ##.... #
#@##....# #....
#.##....# #....
#.##....# #....
#.###.### #.#+# ..# .#
#.# ### #.. #.


There were no monsters in sight!

Vanquished Creatures
  2 adders
  An ooze (D:2)
  2 worms
  4 dart slugs
  An orc (D:4)
  3 ball pythons
  9 bats
  2 giant cockroaches
  11 goblins
  7 hobgoblins
  5 jackals
  9 kobolds
  4 frilled lizards
  8 rats
68 creatures vanquished.

Notes
Turn   | Place    | Note
-------+----------+-------------------------------------------
     0 | D:1      | HallandMoats the Demonspawn Fighter began the quest for the Orb.
     0 | D:1      | Reached XP level 1. HP: 18/18 MP: 1/1
    88 | D:1      | Gained mutation: A weak demonic guardian rushes to your aid. [demonic ancestry]
    88 | D:1      | Reached XP level 2. HP: 22/24 MP: 2/2
   452 | D:1      | Reached XP level 3. HP: 21/29 MP: 3/3
  1235 | D:2      | Found a shattered altar of Ashenzari.
  1235 | D:2      | Found a basalt altar of Yredelemnul.
  1235 | D:2      | Found a stormy altar of Qazlal.
  1244 | D:2      | Found a sparkling altar of Nemelex Xobeh.
  1257 | D:2      | Found a white marble altar of Elyvilon.
  1258 | D:2      | Found a deep blue altar of Sif Muna.
  1259 | D:2      | Found a burning altar of Makhleb.
  1260 | D:2      | Found a glowing silver altar of Zin.
  1270 | D:2      | Became a worshipper of Makhleb the Destroyer
  1792 | D:2      | Gained mutation: You have sharp fingernails. [demonic ancestry]
  1792 | D:2      | Reached XP level 4. HP: 36/36 MP: 4/4
  2061 | D:3      | Reached * piety under Makhleb
  2061 | D:3      | Reached skill level 1 in Dodging
  3287 | D:4      | Gained mutation: You are robust. (+10% HP) [potion of mutation]
  3287 | D:4      | Gained mutation: You occasionally shout uncontrollably at your foes. [potion of mutation]
  3287 | D:4      | Gained mutation: You expend magic power (3 MP) to strengthen your wands. [potion of mutation]
  3287 | D:4      | HP: 2/40 [poisoned by an adder]
  3289 | D:4      | Succumbed to an adder's poison

Vault maps used:
D:1:      onia_arrival_mini_spirals
D:2:      grunt_temple_overflow_open, chequers_temple_overflow_statue_of_worship
D:4:      first_bread, uniq_natasha

Skill      XL: |  1  2  3  4 |
---------------+-------------+-----
Shields        | 3 |  3.1
Long Blades    | 2 |  2.5
Armour         | 3 |  3.0
Dodging        | 1 |  1.3
Fighting       | |  3.8
Invocations    | |  0.6

Action                   |  1- 3 |  4- 6 || total
-------------------------+-------+-------++-------
Melee: Long sword        |   149 |    86 ||   235
  Use: Potion            |       |     4 ||     4
 Stab: Sleeping          |       |     1 ||     1
  Eat: Chunk             |     3 |     3 ||     6
Armor: Leather armour    |    62 |    34 ||    96
Dodge: Dodged            |    78 |    36 ||   114
Block: Shield            |    92 |    47 ||   139
       Rpst.: Long sword |    23 |    11 ||    34
